 Dungeon Crawl Stone Soup version 0.17.1-1-g73c8601 (webtiles) character file.

46662 Runnr the Lord of Darkness (level 14, -4/105 HPs)
             Began as a Human Necromancer on Dec 19, 2015.
             Was the Champion of Kikubaaqudgha.
             Slain by a basilisk (18 damage)
             ... on level 7 of the Lair of Beasts.
             The game lasted 03:16:29 (31706 turns).

Runnr the Lord of Darkness (Human Necromancer)     Turns: 31706, Time: 03:16:29

Health: -4/105     AC:  9    Str: 15    XL:     14   Next: 77%
Magic:  4/28       EV: 19    Int: 21    God:    Kikubaaqudgha [******]
Gold:   1064       SH:  0    Dex: 14    Spells: 9 memorised, 6 levels left

rFire  . . .     SeeInvis .     U - +3 long sword (freeze)
rCold  . . .     Clarity  .     Z - +2 robe {rN+}
rNeg   + . .     SustAt   .     (no shield)
rPois  +         Gourm    .     e - +2 helmet
rElec  .         Spirit   .     O - +0 cloak {rPois}
rCorr  .         Warding  .     (no gloves)
rMut   .         Stasis   .     M - +0 pair of boots of Fortitude {Str+4} (curse)
MR     +....                    u - amulet of rage
Stlth  ++........               (no ring)
                                x - +3 ring of strength

@: about to teleport, regenerating (expiring), somewhat resistant to hostile
enchantments, unstealthy
A: spit poison 1
a: Spit Poison, Receive Corpses, Torment, Brand Weapon With Pain, Receive
Necronomicon, Renounce Religion, Evoke Berserk Rage


You were on level 7 of the Lair of Beasts.
You worshipped Kikubaaqudgha.
Kikubaaqudgha was exalted by your worship.
You were not hungry.

You visited 3 branches of the dungeon, and saw 19 of its levels.
You also visited: Sewer and Volcano.

You collected 1064 gold pieces.

Inventory:

Hand Weapons
 l - a +2 dagger of electrocution
 S - a +2 rapier of flaming
 U - a +3 long sword of freezing (weapon)
Armour
 e - a +2 helmet (worn)
 t - a +0 robe of magic resistance
 M - the cursed +0 pair of boots of Fortitude (worn) {Str+4}
   (You found it on level 7 of the Lair of Beasts)

   It affects your strength (+4).
   It has a curse placed upon it.
 O - a +0 cloak of poison resistance (worn)
 Z - a +2 robe of positive energy (worn)
Jewellery
 o - an uncursed ring of protection from cold
 p - an uncursed amulet of stasis
 u - an amulet of rage (around neck)
 x - a +3 ring of strength (left hand)
 B - an uncursed ring of teleportation
 W - a +2 ring of intelligence
Wands
 D - a wand of heal wounds (4)
 E - a wand of disintegration (6)
Scrolls
 h - a scroll of brand weapon {unknown}
 i - 6 scrolls of teleportation
 j - 4 scrolls of immolation
 m - 2 scrolls of recharging
 v - a scroll of enchant weapon
 y - a scroll of fear {unknown}
 z - 3 scrolls of amnesia
 H - 7 scrolls of fog
 I - 2 scrolls of magic mapping
 N - 3 scrolls of blinking {unknown}
 Q - 2 scrolls of noise {unknown}
 T - a scroll of enchant armour {unknown}
 V - a scroll of torment {unknown}
Potions
 a - a potion of lignification
 d - a potion of invisibility
 f - 2 potions of cancellation
 n - 2 potions of brilliance
 r - 3 potions of curing
 w - a potion of flight
 F - a potion of heal wounds
 G - 3 potions of magic
 J - a potion of haste
 K - a potion of might
 L - 6 potions of agility
 R - a potion of cure mutation {unknown}
Miscellaneous
 b - a box of beasts
 C - a box of beasts {used: 4}
 X - a box of beasts
Comestibles
 c - 9 bread rations
 g - 10 meat rations
 q - 9 beef jerkies
 Y - 14 royal jellies


   Skills:
 - Level 8.2 Fighting
 + Level 8.5 Long Blades
 + Level 11.2 Dodging
 - Level 2.0 Stealth
 + Level 10.2 Spellcasting
 - Level 3.6 Charms
 + Level 11.8 Necromancy
 + Level 8.1 Ice Magic
 - Level 5.9 Evocations


You had 6 spell levels left.
You knew the following spells:

 Your Spells              Type           Power        Failure   Level  Hunger
a - Pain                  Necr           ####         1%          1    None
b - Agony                 Necr           ######..     1%          5    ####...
c - Simulacrum            Ice/Necr       ######....   17%         6    ######.
d - Song of Slaying       Chrm           ####....     1%          2    None
e - Sublimation of Blood  Necr           ######....   1%          2    None
r - Regeneration          Chrm/Necr      #####.....   1%          3    None
s - Animate Skeleton      Necr           N/A          1%          1    None
v - Vampiric Draining     Necr           ######....   1%          3    None
z - Animate Dead          Necr           N/A          1%          4    ##.....


Dungeon Overview and Level Annotations

Branches:
Dungeon (11/15)            Temple (1/1) D:4            Lair (7/8) D:8
 Shoals (0/4) Lair:6       Spider (0/4) Lair:3          Orc (0/4) D:11
  Slime: Lair:6-8

Altars:
Ashenzari
Cheibriados
Dithmenos
Elyvilon
Fedhas
Gozag
Kikubaaqudgha
Makhleb
Nemelex Xobeh
Okawaru
Qazlal
Ru
Sif Muna
Trog
Vehumet
Xom
Yredelemnul
Zin
The Shining One

Shops:
D:4 !   D:5 :

Annotations:
D:4 n00bb0dy's ghost, weakling DsFi
D:6 Blork the orc; grizfap's ghost, novice DrBe
D:8 grizfap's ghost, novice DrBe
Lair:5 Kloppie's ghost, journeyman GrBe; Zex's ghost, journeyman GrEE


Innate Abilities, Weirdness & Mutations

You can spit weak poison.


Message History

Okay, then.
Read which item? (? for menu, Esc to quit)
Okay, then.
Drink which item? (? for menu, Esc to quit)
You feel much better. The griffon bites you!
* * * LOW HITPOINT WARNING * * *
The griffon closely misses you. The griffon completely misses you.
Read which item? (? for menu, Esc to quit)
As you read the scroll of teleportation, it crumbles to dust.
You feel strangely unstable.
Your skin is crawling a little less now.
The griffon bites you!
* * * LOW HITPOINT WARNING * * *
The griffon pecks you.
* * * LOW HITPOINT WARNING * * *
The griffon claws you.
* * * LOW HITPOINT WARNING * * *
The basilisk bites you!!
You die...
Kikubaaqudgha rasps: "You have failed me!
Welcome... death!"

##.......##[..........##
#.....#######D..#.....#
###..##...$.#.#########
##.##.....#Hk#
####l....#..##
*lH...#...# *,Dkll#..##
***##l#†## #.@H..#
####.## ###


You could see a griffon, 2 basilisks and a wyvern.

Vanquished Creatures
  8 hydras
  5 death yaks
  Sonja (Lair:1)
  Pikel (D:7)
  9 elephants
  A siren (Lair:6)
  4 black mambas
  A centaur zombie (D:10)
  A molten gargoyle (Volcano)
  2 gargoyles (Volcano)
  7 spiny frogs
  2 komodo dragons
  6 fire drakes
  A polar bear (Lair:2)
  A queen bee (D:9)
  A two-headed ogre (D:10)
  Prince Ribbit (D:8)
  A boulder beetle (Lair:4)
  4 blink frogs
  2 wyverns (Lair:7)
  A deep elf fighter (D:8)
  A deep elf mage (D:9)
  10 hippogriffs
  A fire elemental (Volcano)
  34 yaks
  9 wolves (Lair:4)
  A warg (D:10)
  7 porcupines
  14 water moccasins
  6 spiders (Lair:3)
  2 phantoms
  3 black bears
  4 ogres
  An orc warrior (D:6)
  2 ice beasts
  A sky beast (D:10)
  11 crocodiles
  3 slaves (D:7)
  2 big kobolds
  7 centaurs
  19 giant frogs
  A water moccasin zombie (D:8)
  6 scorpions
  A water moccasin skeleton (D:9)
  26 killer bees
  3 jellies
  A crimson imp (D:8)
  2 giant frog zombies
  3 orc priests
  2 quasits
  7 iguanas
  9 orc wizards
  5 hounds
  2 gnoll shamans (D:4)
  7 worker ants
  13 sheep
  A hound zombie (D:5)
  33 river rats
  17 adders
  3 shadow imps
  53 gnolls
  4 oozes
  An adder skeleton (D:4)
  4 worms
  An adder zombie (D:5)
  4 giant geckos
  28 orcs
  13 ball pythons
  17 bats
  5 giant cockroaches
  8 hobgoblins
  A giant gecko skeleton (D:4)
  9 giant newts
  6 goblins
  21 jackals
  A jackal skeleton (D:4)
  9 kobolds
  6 quokkas
  A quokka skeleton (D:8)
  39 rats
571 creatures vanquished.

Vanquished Creatures (collateral kills)
  Snorg (Lair:4)
  3 death yaks
  2 elephants
  3 spiny frogs
  2 black mambas
  A gargoyle (D:11)
  A fire drake (Lair:7)
  A komodo dragon (Lair:4)
  A boulder beetle (Lair:5)
  4 blink frogs
  A hungry ghost (D:7)
  Eustachio (D:4)
  A wyvern (Lair:7)
  13 yaks
  A steam dragon (D:10)
  4 hippogriffs
  2 wargs (D:10)
  A wolf (Lair:4)
  5 porcupines
  2 water moccasins (Lair:6)
  2 spiders (Lair:3)
  An ice beast (D:10)
  3 ogres (D:7)
  5 crocodiles
  A big kobold (D:9)
  5 giant frogs
  5 killer bees (D:9)
  3 wights (D:9)
  A crimson imp (D:10)
  A hound (D:11)
  2 iguanas
  2 worker ants
  9 sheep
  7 river rats
  2 oozes
  2 orcs
  2 ball pythons (Sewer)
  A bat (D:8)
  3 jackals
  A kobold (D:9)
  A giant newt (Sewer)
  3 rats (Sewer)
  5 fungi
  A plant (Lair:5)
118 creatures vanquished.

Vanquished Creatures (others)
  27 fungi
  12 plants
39 creatures vanquished.

Grand Total: 728 creatures vanquished

Notes
Turn   | Place    | Note
--------------------------------------------------------------
     0 | D:1      | Runnr the Human Necromancer began the quest for the Orb.
     0 | D:1      | Reached XP level 1. HP: 13/13 MP: 3/3
   498 | D:1      | Found a shattered altar of Ashenzari.
   585 | D:1      | Reached XP level 2. HP: 20/20 MP: 3/5
   690 | D:1      | Reached skill level 1 in Fighting
  1238 | D:1      | Learned a level 1 spell: Animate Skeleton
  1397 | D:1      | Reached XP level 3. HP: 24/26 MP: 3/6
  2092 | D:2      | Reached XP level 4. HP: 27/32 MP: 1/7
  2639 | D:1      | Learned a level 3 spell: Vampiric Draining
  2643 | D:1      | Learned a level 3 spell: Regeneration
  3084 | D:3      | Reached XP level 5. HP: 34/38 MP: 4/9
  3862 | D:3      | Found a snail-covered altar of Cheibriados.
  4234 | D:3      | Reached XP level 6. HP: 16/46 MP: 4/10
  4840 | D:4      | Noticed n00bb0dy's ghost (weakling DsFi)
  5614 | D:4      | Reached skill level 5 in Necromancy
  5614 | D:4      | Reached XP level 7. HP: 42/51 MP: 0/12
  6990 | D:4      | Noticed Eustachio
  7110 | D:4      | Killed Eustachio
  7110 | D:4      | Reached XP level 8. HP: 26/60 MP: 3/14
  7281 | D:4      | Found Qepej Abecw's Distillery.
  7327 | D:4      | Learned a level 4 spell: Animate Dead
  7345 | D:4      | Reached skill level 6 in Necromancy
  7498 | D:4      | Reached skill level 5 in Dodging
  7934 | D:4      | Found a staircase to the Ecumenical Temple.
  7943 | Temple   | Entered the Ecumenical Temple
  8647 | D:5      | Entered Level 5 of the Dungeon
  8654 | D:5      | Reached skill level 5 in Spellcasting
  8696 | D:5      | Found Zat Fant's Book Shop.
  8876 | D:5      | Found a white marble altar of Elyvilon.
  8994 | D:5      | Found a basalt altar of Yredelemnul.
  9170 | D:5      | Reached XP level 9. HP: 51/67 MP: 9/16
  9252 | D:5      | Reached skill level 5 in Fighting
  9252 | D:5      | Reached skill level 1 in Evocations
  9467 | D:6      | Found a shadowy altar of Dithmenos.
  9497 | D:6      | Found an ancient bone altar of Kikubaaqudgha.
  9504 | D:6      | Found a shattered altar of Ashenzari.
  9506 | D:6      | Found a blossoming altar of Fedhas.
  9507 | D:6      | Found a glowing silver altar of Zin.
  9510 | D:6      | Became a worshipper of Kikubaaqudgha
  9672 | D:6      | Noticed Blork the orc
  9727 | D:6      | Found a glowing drain.
  9906 | Sewer    | Entered a sewer
 10037 | Sewer    | Reached * piety under Kikubaaqudgha
 10037 | Sewer    | Received a gift from Kikubaaqudgha
 10038 | Sewer    | Identified Kikubaaqudgha's Disquisition on Evil (Kikubaaqudgha gifted it to you in a sewer)
 10703 | D:6      | Learned a level 2 spell: Sublimation of Blood
 10852 | D:6      | Noticed grizfap's ghost (novice DrBe)
 11491 | D:7      | Reached skill level 7 in Necromancy
 11630 | D:7      | Reached ** piety under Kikubaaqudgha
 12109 | D:7      | Noticed Pikel
 12234 | D:7      | Killed Pikel
 12234 | D:7      | Reached XP level 10. HP: 53/76 MP: 3/19
 12405 | D:8      | Noticed grizfap's ghost (novice DrBe)
 12921 | D:8      | Found a deep blue altar of Sif Muna.
 13565 | D:8      | Reached *** piety under Kikubaaqudgha
 13565 | D:8      | Received a gift from Kikubaaqudgha
 13566 | D:8      | Identified Kikubaaqudgha's Incunabulum of Unholy Magic (Kikubaaqudgha gifted it to you on level 8 of the Dungeon)
 13791 | D:8      | Reached skill level 8 in Necromancy
 14546 | D:8      | Learned a level 5 spell: Agony
 14587 | D:8      | Found a burning altar of Makhleb.
 14587 | D:8      | Found a shimmering altar of Xom.
 14743 | D:8      | Found a staircase to the Lair.
 14753 | D:8      | Reached skill level 5 in Evocations
 14858 | D:8      | Noticed Prince Ribbit
 14958 | D:8      | Killed Prince Ribbit
 15177 | D:9      | Reached XP level 11. HP: 47/84 MP: 11/21
 15655 | D:9      | Reached skill level 1 in Long Blades
 15946 | D:9      | HP: 2/85 [centaur/arrow (10)]
 16396 | D:9      | Reached **** piety under Kikubaaqudgha
 17519 | D:9      | Reached skill level 9 in Necromancy
 17858 | D:10     | Entered Level 10 of the Dungeon
 18495 | D:10     | Noticed a red ugly thing
 18754 | D:11     | Noticed a purple ugly thing
 18929 | D:10     | Learned a level 6 spell: Simulacrum
 19058 | D:10     | Reached skill level 1 in Ice Magic
 19260 | D:11     | Found a staircase to the Orcish Mines.
 19485 | D:11     | Found a glowing golden altar of the Shining One.
 19601 | Lair:1   | Entered Level 1 of the Lair of Beasts
 19681 | Lair:1   | Reached XP level 12. HP: 87/93 MP: 24/24
 19740 | Lair:1   | Learned a level 2 spell: Song of Slaying
 19848 | Lair:1   | Noticed a death yak
 19848 | Lair:1   | Noticed a death yak
 19850 | Lair:1   | Noticed a death yak
 19874 | Lair:1   | Killed a death yak
 19875 | Lair:1   | Killed a death yak
 19875 | Lair:1   | Reached skill level 1 in Charms
 19886 | Lair:1   | Killed a death yak
 19944 | Lair:1   | Noticed Sonja
 19949 | Lair:1   | Reached ***** piety under Kikubaaqudgha
 19957 | Lair:1   | Killed Sonja
 22227 | Lair:3   | Noticed an eight-headed hydra
 22239 | Lair:3   | Killed an eight-headed hydra
 22239 | Lair:3   | Reached skill level 5 in Long Blades
 22239 | Lair:3   | Reached skill level 10 in Necromancy
 22667 | Lair:3   | Gained mutation: You can spit weak poison. [potion of beneficial mutation]
 22807 | Lair:3   | Found a hole to the Spider Nest.
 23464 | Lair:3   | Noticed a four-headed hydra
 23469 | Lair:3   | Killed a four-headed hydra
 23469 | Lair:3   | Reached XP level 13. HP: 85/98 MP: 3/25
 23861 | Lair:4   | Got an ancient ring mail
 23885 | Lair:4   | Identified the +2 ring mail of Abbastam {+Fly MR+ MP-9 Str-4} (You found it on level 4 of the Lair of Beasts)
 23960 | Lair:4   | Found a dark tunnel.
 23970 | Volcano  | Entered a volcano
 24363 | Volcano  | Reached skill level 5 in Ice Magic
 25263 | Lair:4   | Noticed Snorg
 25610 | Lair:4   | Reached skill level 10 in Dodging
 26442 | Lair:4   | Killed Snorg
 26574 | Lair:4   | Your ally Snorg died
 27025 | Lair:5   | Reached skill level 11 in Necromancy
 27600 | Lair:5   | Noticed Kloppie's ghost (journeyman GrBe)
 27745 | Lair:5   | Noticed Zex's ghost (journeyman GrEE)
 28440 | Lair:5   | Reached XP level 14. HP: 54/105 MP: 13/27
 29840 | Lair:6   | Found a staircase to the Shoals.
 29968 | Lair:6   | Reached ****** piety under Kikubaaqudgha
 30192 | Lair:7   | Got a polished great sword
 30210 | Lair:6   | Identified the cursed +1 great sword "Nofeff" {slice, +Rage rF- Int+2} (You found it on level 7 of the Lair of Beasts)
 31128 | Lair:7   | Reached skill level 10 in Spellcasting
 31331 | Lair:7   | Got a pair of slimy boots
 31342 | Lair:7   | Identified the cursed +0 pair of boots of Fortitude {Str+4} (You found it on level 7 of the Lair of Beasts)
 31706 | Lair:7   | Slain by a basilisk

Action                   |  1- 3 |  4- 6 |  7- 9 | 10-12 | 13-15 || total
-------------------------+-------+-------+-------+-------+-------++-------
Melee: Unarmed           |     1 |       |       |       |       ||     1
       Dagger            |       |     5 |   157 |   145 |       ||   307
       Long sword        |       |       |       |   490 |   673 ||  1163
       Falchion          |       |       |       |     9 |       ||     9
       Rapier            |       |       |       |       |    35 ||    35
 Fire: Blowgun           |       |       |    12 |       |       ||    12
 Cast: Pain              |    56 |   198 |   404 |   241 |    33 ||   932
       Animate Skeleton  |     4 |    11 |    34 |    27 |    35 ||   111
       Regeneration      |       |       |     5 |    21 |    33 ||    59
       Animate Dead      |       |       |     6 |    29 |    23 ||    58
       Vampiric Draining |       |       |     4 |   133 |   135 ||   272
       Agony             |       |       |       |     6 |    23 ||    29
       Sublimation of Bl |       |       |       |       |     1 ||     1
 Abil: Evoke Teleportati |       |       |     9 |    30 |    26 ||    65
       Evoke Berserk Rag |       |       |       |       |     4 ||     4
       Spit Poison       |       |       |       |       |     1 ||     1
Evoke: Wand              |       |       |     2 |       |       ||     2
       Box of beasts     |       |       |       |     4 |       ||     4
  Use: Scroll            |       |     4 |    13 |    11 |    10 ||    38
       Potion            |       |       |       |     4 |     6 ||    10
 Stab: Sleeping          |     1 |       |       |     4 |     2 ||     7
       Distracted        |       |       |       |     3 |     6 ||     9
  Eat: Chunk             |     4 |    11 |    26 |    47 |    39 ||   127
       Fruit             |       |       |     1 |     6 |     4 ||    11
       Royal jelly       |       |       |     1 |       |     2 ||     3
       Pizza             |       |       |     1 |       |       ||     1
       Beef jerky        |       |       |     1 |       |       ||     1
